 Dungeon Crawl Stone Soup version 0.23.2-40-g277498a001 (webtiles) character file.

Game seed: 18431223253420661079

9144 FishyPogo the Nimble (level 11, -3/84 HPs)
             Began as a Yellow Draconian Venom Mage on Sept 10, 2019.
             Was an Elder of Vehumet.
             Slain by a vampire
             ... wielding a +0 long sword
              (6 damage)
             ... on level 10 of the Dungeon on Sept 12, 2019.
             The game lasted 01:23:42 (8860 turns).

FishyPogo the Nimble (Yellow Draconian Venom Mage)  Turns: 8860, Time: 01:23:43

Health: -3/84      AC:  7    Str: 16    XL:     11   Next: 19%
Magic:  20/20      EV: 20    Int: 26    God:    Vehumet [****..]
Gold:   557        SH:  0    Dex: 12    Spells: 8/22 levels left

rFire    . . .     SeeInvis .   a - +4 scimitar (flame)
rCold    . . .     Gourm    .   (no shield)
rNeg     . . .     Faith    +   (armour unavailable)
rPois    .         Spirit   .   h - +0 hat {Int+3}
rElec    .         Reflect  .   (no cloak)
rCorr    +         Harm     .   (no gloves)
MR       .....                  (no boots)
Stlth    +.........             D - amulet of faith
HPRegen  0.24/turn              N - ring of wizardry
MPRegen  0.17/turn              f - +3 ring of evasion

@: confused, mighty, brilliant
A: spit acid, unfitting armour, cold-blooded, acid resistance, AC +7
a: Breathe Acid, Renounce Religion


You were on level 10 of the Dungeon.
You worshipped Vehumet.
Vehumet was greatly pleased with you.
You were hungry.

You visited 1 branch of the dungeon, and saw 10 of its levels.

You collected 569 gold pieces.
You spent 12 gold pieces at shops.

Inventory:

Hand Weapons
 a - a +4 scimitar of flaming (weapon)
Missiles
 d - 340 stones (quivered)
 g - 8 javelins
 m - a throwing net
 w - 28 tomahawks
Armour
 h - a +0 hat of intelligence (worn)
Magical Staves
 b - an uncursed staff of power
Jewellery
 f - a +3 ring of evasion (right hand)
 t - an uncursed ring of ice
 z - an uncursed amulet of magic regeneration
 D - an amulet of faith (around neck)
 G - an uncursed amulet of guardian spirit {unknown}
 N - a ring of wizardry (left hand)
Wands
 s - a wand of random effects (9)
 u - a wand of flame (55)
Scrolls
 c - a scroll of fog {unknown}
 i - 6 scrolls of teleportation {unknown}
 k - 4 scrolls of identify
 o - 3 scrolls of immolation
 p - 4 scrolls of enchant weapon
 q - 9 scrolls of remove curse
 r - 2 scrolls of amnesia {unknown}
 A - 3 scrolls of blinking
 E - 3 scrolls of fear {unknown}
 H - a scroll of vulnerability {unknown}
 I - 3 scrolls of enchant armour {unknown}
 J - a scroll of silence {unknown}
Potions
 e - a potion of ambrosia
 j - 2 potions of lignification {unknown}
 n - 2 potions of brilliance
 v - a potion of might
 B - a potion of haste {unknown}
 K - a potion of invisibility {unknown}
 M - 2 potions of cancellation {unknown}
Comestibles
 l - a chunk of flesh
 L - 18 rations


   Skills:
 - Level 4.0 Fighting
   Level 1.0(1.8) Short Blades
 * Level 2.2(2.4) Long Blades
 + Level 9.6 Dodging
 - Level 2.0 Stealth
 - Level 0.2 Unarmed Combat
 - Level 6.0 Spellcasting
 + Level 5.6 Conjurations
 + Level 4.9 Fire Magic
 - Level 4.0 Air Magic
 + Level 7.2 Poison Magic
 - Level 4.2 Evocations


You had 8 spell levels left.
You knew the following spells:

 Your Spells              Type           Power        Failure   Level  Hunger
a - Sting                 Conj/Pois      ####         1%          1    None
b - Poisonous Vapours     Pois/Air       ######       1%          2    None
c - Flame Tongue          Conj/Fire      #####        1%          1    None
d - Mephitic Cloud        Conj/Pois/Air  ######..     1%          3    None
e - Olgreb's Toxic Radia  Pois           ######..     1%          4    ###....
f - Conjure Flame         Conj/Fire      ######..     1%          3    None

Your spell library contained the following spells:

 Spells                   Type           Power        Failure   Level  Hunger
 Static Discharge         Conj/Air       #####...     1%          3    None
 Animate Skeleton         Necr           N/A          1%          1    None
 Magic Dart               Conj           ####         1%          1    None
 Pain                     Necr           ###.         1%          1    None
 Summon Small Mammal      Summ           ###.         1%          1    None
 Blink                    Tloc           N/A          1%          2    None
 Call Imp                 Summ           ###.....     1%          2    None
 Slow                     Hex            ###.....     1%          2    None
 Venom Bolt               Conj/Pois      ######....   1%          5    #####..
 Call Canine Familiar     Summ           ###.....     2%          3    None
 Regeneration             Chrm/Necr      ###.......   2%          3    None
 Summon Guardian Golem    Hex/Summ       ###.....     2%          3    None
 Vampiric Draining        Necr           ###.......   2%          3    None
 Summon Lightning Spire   Summ/Air       ####....     3%          4    ###....
 Animate Dead             Necr           N/A          8%          4    ###....
 Summon Ice Beast         Ice/Summ       ###.....     8%          4    ###....


Dungeon Overview and Level Annotations

Branches:
Dungeon (10/15)            Temple (0/1) D:6             Orc (0/2) D:10
   Lair: D:8-11

Altars:
Hepliaklqana
Kikubaaqudgha
Makhleb
Nemelex Xobeh
Okawaru
Qazlal
Ru
Sif Muna
Trog
Uskayaw
Vehumet
Wu Jian
Xom
Zin
The Shining One

Shops:
D:6 *   D:8 !

Annotations:
D:4 2 transporters, NeAGen181's ghost, amateur HOFi
D:9 2 runed translucent doors, Timinator's ghost, novice GrVM


Innate Abilities, Weirdness & Mutations

You can spit globs of acid.
Your golden yellow scales are hard. (AC +7)
You cannot fit into any form of body armour.
You are cold-blooded and may be slowed by cold attacks.
You are resistant to acid. (rCorr)


Message History

You feel very mighty all of a sudden.
It was a potion of brilliance.
You feel clever all of a sudden. Something hits you but does no damage.
Something closely misses you.
You closely miss something.
You hear some strange, mumbled words.
Something tries to affect you, but you resist.
A black bear comes into view.
Something closely misses you. Something misses you.
You miss something. Something closely misses you.
Something bites you but does no damage.
You closely miss something. Something hits you!
* * * LOW HITPOINT WARNING * * *
Something closely misses you.
It was a potion of ambrosia.
You are confused.
You feel invigorated. Something hits you.
* * * LOW HITPOINT WARNING * * *
Something bites you.
You die...

............#
..V.........###
...............
...............
...............
.###################.#
.....................#####
...........................
...............@{.........#
########..#############h..#
#..# ...# #########..#####
K.# ................. ..
##.#############. #.#
......... ##.######
.....y... ..........
..K..%...


There were no monsters in sight!

Vanquished Creatures
  Gastronok (D:8)
  Erolcha (D:9)
  Erica (D:9)
  Pikel (D:4)
  A merfolk (D:9)
  4 hippogriffs
  Sigmund (D:3)
  A hungry ghost (D:8)
  3 orc warriors
  4 slaves (D:4)
  A black bear (D:8)
  2 ice beasts
  A phantom (D:6)
  4 sky beasts
  7 ogres
  5 centaurs
  4 bullfrogs
  3 scorpions
  A wyvern skeleton (D:9)
  10 killer bees (D:8)
  3 wights (D:9)
  2 howler monkeys
  A crimson imp (D:5)
  3 bullfrog zombies
  A centaur zombie (D:8)
  5 hounds
  7 orc priests
  13 orc wizards
  2 jellies (D:8)
  2 bullfrog skeletons
  A centaur skeleton (D:9)
  3 iguanas
  Terence (D:3)
  Jessica (D:3)
  A hound zombie (D:7)
  14 adders
  4 gnolls
  A howler monkey skeleton (D:6)
  An ooze (D:4)
  3 adder skeletons
  An adder zombie (D:8)
  3 worms
  5 dart slugs
  7 leopard geckos
  66 orcs
  9 bats
  4 giant cockroaches
  11 goblins
  5 hobgoblins
  5 jackals
  10 kobolds
  2 quokkas
  2 ball pythons
  3 frilled lizards
  A jackal skeleton (D:8)
  A leopard gecko zombie (D:8)
  A quokka zombie (D:5)
  7 rats
268 creatures vanquished.

Notes
Turn   | Place    | Note
-------+----------+-------------------------------------------
     0 | D:1      | FishyPogo the Draconian Venom Mage began the quest for the
                  | Orb.
     0 | D:1      | Reached XP level 1. HP: 14/14 MP: 3/3
    75 | D:1      | Reached skill level 2 in Dodging
    97 | D:1      | Reached XP level 2. HP: 12/20 MP: 0/5
   508 | D:1      | Learned a level 2 spell: Poisonous Vapours
   717 | D:2      | Found a sacrificial altar of Ru.
   745 | D:2      | Reached XP level 3. HP: 26/26 MP: 2/6
  1235 | D:2      | Reached XP level 4. HP: 33/33 MP: 1/7
  1240 | D:2      | Learned a level 3 spell: Mephitic Cloud
  1380 | D:3      | Found an ornate altar of the Wu Jian Council.
  1536 | D:3      | Noticed Jessica
  1550 | D:3      | Killed Jessica
  1635 | D:3      | Reached skill level 1 in Air Magic
  1635 | D:3      | Reached XP level 5. HP: 38/38 MP: 0/8
  1722 | D:3      | Reached skill level 3 in Dodging
  1892 | D:3      | Noticed Terence
  1894 | D:3      | Noticed Sigmund
  1944 | D:3      | Killed Sigmund
  1944 | D:3      | Reached XP level 6. HP: 45/45 MP: 0/10
  1994 | D:3      | Killed Terence
  2408 | D:3      | Reached skill level 4 in Dodging
  2504 | D:3      | Found a stormy altar of Qazlal.
  2662 | D:4      | Found a radiant altar of Vehumet.
  2671 | D:4      | Became a worshipper of Vehumet
  2727 | D:4      | Your scales start taking on a golden yellow colour.
  2727 | D:4      | Reached XP level 7. HP: 42/50 MP: 4/11
  2727 | D:4      | Gained mutation: You are resistant to acid. (rCorr) [Yellow
                  | Draconian growth]
  2752 | D:4      | Found a transporter.
  2755 | D:4      | Noticed NeAGen181's ghost (amateur HOFi)
  2843 | D:4      | Found an iron altar of Okawaru.
  2904 | D:4      | Noticed Pikel
  3222 | D:4      | Killed Pikel
  3222 | D:4      | Reached skill level 5 in Dodging
  3222 | D:4      | Reached skill level 5 in Poison Magic
  3222 | D:4      | Reached XP level 8. HP: 43/57 MP: 0/14
  3378 | D:4      | Found a transporter.
  3423 | D:5      | Entered Level 5 of the Dungeon
  3563 | D:5      | Reached * piety under Vehumet
  3563 | D:5      | Offered knowledge of Flame Tongue by Vehumet.
  3563 | D:5      | Reached skill level 1 in Fighting
  3566 | D:5      | Learned a level 1 spell: Flame Tongue
  3570 | D:5      | Reached skill level 6 in Dodging
  3649 | D:5      | Found a hazy altar of Hepliaklqana.
  4024 | D:5      | Learned a level 4 spell: Olgreb's Toxic Radiance
  4300 | D:6      | Noticed a hippogriff
  4310 | D:6      | Killed a hippogriff
  4310 | D:6      | Reached skill level 5 in Spellcasting
  4310 | D:6      | Reached XP level 9. HP: 63/68 MP: 13/16
  4333 | D:6      | Reached skill level 7 in Dodging
  4385 | D:6      | Found a staircase to the Ecumenical Temple.
  4454 | D:6      | Reached ** piety under Vehumet
  4456 | D:6      | Offered knowledge of Searing Ray by Vehumet.
  4627 | D:6      | Found Byecedu's Lightly-Used Armoury.
  4632 | D:6      | Learned a level 3 spell: Conjure Flame
  4811 | D:6      | Reached skill level 1 in Fire Magic
  4848 | D:6      | Found a hide-covered altar of Uskayaw.
  4849 | D:6      | Found a bloodstained altar of Trog.
  4851 | D:6      | Found a deep blue altar of Sif Muna.
  5159 | D:7      | Reached skill level 1 in Short Blades
  5641 | D:7      | Found a burning altar of Makhleb.
  5679 | D:7      | Reached skill level 1 in Evocations
  5705 | D:7      | Got a smelly ring mail
  5890 | D:7      | You fall through a shaft for 2 floors!
  5890 | D:9      | Found a radiant altar of Vehumet.
  6014 | D:9      | Noticed Gastronok
  6056 | D:9      | Found a glowing silver altar of Zin.
  6122 | D:9      | Reached skill level 8 in Dodging
  6122 | D:9      | Reached XP level 10. HP: 43/78 MP: 15/18
  6146 | D:9      | Found a large runed translucent door.
  6146 | D:9      | Found a large runed translucent door.
  6148 | D:9      | Noticed Timinator's ghost (novice GrVM)
  6278 | D:9      | Noticed Erica
  6403 | D:8      | Found Oda Yted's Distillery.
  6407 | D:8      | Offered knowledge of Stone Arrow by Vehumet.
  6426 | D:8      | Bought a potion of degeneration for 12 gold pieces
  6995 | D:8      | Found an ancient bone altar of Kikubaaqudgha.
  7199 | D:8      | Reached *** piety under Vehumet
  7461 | D:8      | Found a glowing golden altar of the Shining One.
  7519 | D:8      | Found a shimmering altar of Xom.
  7584 | D:8      | Found a sparkling altar of Nemelex Xobeh.
  7900 | D:8      | HP: 2/78 [Gastronok/the air (24)]
  7903 | D:8      | Killed Gastronok
  7903 | D:8      | Reached skill level 9 in Dodging
  7903 | D:8      | Reached skill level 5 in Conjurations
  8290 | D:9      | Killed Erica
  8392 | D:9      | Reached XP level 11. HP: 59/84 MP: 10/20
  8475 | D:9      | Offered knowledge of Dazzling Spray by Vehumet.
  8509 | D:9      | Noticed Erolcha
  8529 | D:9      | Killed Erolcha
  8529 | D:9      | Reached skill level 1 in Long Blades
  8571 | D:9      | Reached **** piety under Vehumet
  8735 | D:10     | Entered Level 10 of the Dungeon
  8738 | D:10     | Offered knowledge of Static Discharge by Vehumet.
  8831 | D:10     | Found a staircase to the Orcish Mines.
  8859 | D:10     | HP: 4/84 [something (10)]
  8860 | D:10     | Slain by a vampire

Skill      XL: |  1  2  3  4  5  6  7  8  9 10 11 |
---------------+----------------------------------+-----
Dodging        | 2 3 4 5 6 8 9 |  9.6
Stealth        | 2 |  2.0
Conjurations   | 2 3 5 |  5.6
Air Magic      | 1 2 3 4 |  4.0
Poison Magic   | 4 5 6 7 |  7.2
Spellcasting   | 3 4 5 6 |  6.0
Fighting       | 2 4 |  4.0
Fire Magic     | 2 4 |  4.9
Short Blades   | 1 |  1.0
Evocations     | 1 4 |  4.2
Long Blades    | 2 |  2.2
Unarmed Combat | |  0.2

Action                   |  1- 3 |  4- 6 |  7- 9 | 10-12 || total
-------------------------+-------+-------+-------+-------++-------
Melee: Unarmed           |    29 |       |       |       ||    29
       Tailslap          |     5 |     9 |    42 |    12 ||    68
       Dagger            |    61 |   114 |   252 |    53 ||   480
       Punch             |       |       |     1 |       ||     1
       Staff             |       |       |       |     2 ||     2
       Scimitar          |       |       |       |    47 ||    47
 Cast: Sting             |    38 |    30 |   103 |    41 ||   212
       Poisonous Vapours |     3 |     8 |    22 |    12 ||    45
       Mephitic Cloud    |       |     7 |    16 |    18 ||    41
       Flame Tongue      |       |       |    20 |    30 ||    50
       Olgreb's Toxic Ra |       |       |    11 |    23 ||    34
       Conjure Flame     |       |       |     1 |     3 ||     4
 Abil: Breathe Acid      |       |       |    13 |     7 ||    20
  Use: Scroll            |       |     1 |     1 |     5 ||     7
       Potion            |       |       |       |     9 ||     9
 Stab: Sleeping          |     3 |     2 |     1 |       ||     6
       Confused          |       |     3 |     5 |     2 ||    10
  Eat: Chunk             |     2 |     6 |    17 |     7 ||    32
       Ration            |       |       |       |     2 ||     2
Armor: Skin              |    21 |    17 |    54 |    27 ||   119
Dodge: Dodged            |    76 |   101 |   254 |   122 ||   553
       Rpst.: Scimitar   |       |       |       |    17 ||    17
